 Dungeon Crawl Stone Soup version 0.28-a0-429-g1448048969 (webtiles) character file.

Game seed: 3057559969805486348

155504 avis the Apostle (level 17, 0/168 HPs)
             Began as a Hill Orc Fighter on Sept 10, 2021.
             Was a High Priest of Beogh.
             Slain by a salamander (18 damage)
             ... on level 1 of the Snake Pit on Sept 11, 2021.
             The game lasted 04:18:24 (31918 turns).

avis the Apostle (Hill Orc Fighter)                Turns: 31918, Time: 04:18:25

Health: 0/168      AC: 26    Str: 32    XL:     17   Next: 35%
Magic:  24/31      EV: 16    Int: 13    God:    Beogh [*****.]
Gold:   1439       SH:  0    Dex: 13    Spells: 12/16 levels left

rFire   x . .      SeeInvis .   a - +9 broad axe (freeze)
rCold   + + .      Faith    +   (no shield)
rNeg    . . .      Spirit   .   h - +7 ice dragon scales of the Centipede {rElec rF- rC++ Int+2 Dex-2 Slay+3}
rPois   .          Reflect  .   O - +2 hat {Int+3}
rElec   +          Harm     .   P - +0 cloak of Jenosh {Dex+5}
rCorr   .          Rampage  .   F - +0 pair of gloves
Will    +....                   k - +0 pair of boots
Stlth   ..........              K - amulet of faith
HPRegen 0.38/turn               j - +6 ring of strength
MPRegen 0.22/turn               N - +4 ring of evasion

@: studying 2 skills
A: walk on water
}: 1/15 runes: decaying
a: Renounce Religion, Smiting, Recall Orcish Followers, Give Item to Named
Follower


You were on level 1 of the Snake Pit.
You worshipped Beogh.
Beogh was extremely pleased with you.
You visited 6 branches of the dungeon, and saw 26 of its levels.
You also visited: Ossuary, Bailey and Gauntlet.

You collected 2879 gold pieces.
You spent 1440 gold pieces at shops.

Inventory:

Hand Weapons
 a - a +9 broad axe of freezing (weapon)
 b - a +3 executioner's axe of flaming
 v - a +0 arbalest
 w - a +0 trident
 I - a +3 great mace of protection
 L - a +0 glaive
 M - a +0 trident
Missiles
 f - 42 bolts
 i - a throwing net (quivered)
 B - 17 stones
Armour
 h - the +7 ice dragon scales of the Centipede (worn) {rElec rF- rC++ Int+2 Dex-2 Slay+3}
   (You acquired it in the Ecumenical Temple)

   Int:       It affects your intelligence (+2).
   Dex:       It affects your dexterity (-2).
   Slay:      It affects your accuracy & damage with ranged weapons and melee
   (+3).
   rF:        It makes you vulnerable to fire.
   rC:        It greatly protects you from cold.
   rElec:     It insulates you from electricity.
 k - a +0 pair of boots (worn)
 s - a +0 crystal plate armour
 u - a +0 kite shield of reflection
 F - a +0 pair of gloves (worn)
 O - a +2 hat of intelligence (worn)
 P - the +0 cloak of Jenosh (worn) {Dex+5}
   (You found it on level 2 of the Swamp)

   Dex:       It affects your dexterity (+5).
Jewellery
 g - a ring of see invisible
 j - a +6 ring of strength (left hand)
 m - a ring of flight
 K - an amulet of faith (around neck)
 N - a +4 ring of evasion (right hand)
Wands
 t - a wand of paralysis (4)
 y - a wand of iceblast (24)
 A - a wand of acid (25)
 E - a wand of polymorph (22)
 J - a wand of flame (49)
 Q - a wand of mindburst (22)
 U - a wand of digging (5)
Scrolls
 c - a scroll of holy word
 l - 2 scrolls of blinking
 o - 16 scrolls of teleportation
 q - a scroll of enchant weapon
 r - 2 scrolls of summoning
 x - 5 scrolls of fear
 C - 2 scrolls of fog
 G - 2 scrolls of magic mapping
Potions
 d - 6 potions of might
 e - a potion of berserk rage
 n - a potion of heal wounds
 p - 3 potions of haste
 z - 11 potions of magic
 D - a potion of resistance
 S - 3 potions of lignification
 V - 2 potions of cancellation
Miscellaneous
 H - a phial of floods
 Y - a phantom mirror


   Skills:
 - Level 19.0 Fighting
 * Level 18.5 Axes
 - Level 10.0 Armour
 - Level 5.0 Dodging
 - Level 4.0 Shields
 + Level 20.7 Invocations
 - Level 5.0 Evocations


You had 12 spell levels left.
You knew the following spells:

 Your Spells              Type           Power      Damage    Failure   Level
a - Wereblood             Tmut           0%         N/A       67%         2
b - Blink                 Tloc           N/A        N/A       67%         2

Your spell library contained the following spells:

 Spells                   Type           Power      Damage    Failure   Level
 Beastly Appendage        Tmut           0%         N/A       52%         1
 Sting                    Tmut/Pois      0%         1d3       52%         1
 Corpse Rot               Necr/Air       N/A        N/A       67%         2
 Poisonous Vapours        Pois/Air       0%         N/A       67%         2
 Scorch                   Fire           0%         2d5       67%         2
 Frozen Ramparts          Ice            0%         1d2       88%         3
 Spider Form              Tmut/Pois      0%         N/A       88%         3
 Flame Wave               Conj/Fire      0%         3d3       99%         4
 Ice Form                 Ice/Tmut       0%         N/A       99%         4
 Olgreb's Toxic Radiance  Pois           0%         N/A       99%         4
 Summon Ice Beast         Ice/Summ       0%         N/A       99%         4
 Manifold Assault         Tloc           0%         N/A       100%        5
 Summon Cactus Giant      Summ           0%         N/A       100%        6
 Storm Form               Tmut/Air       0%         N/A       100%        7
 Borgnjor's Revivificati  Necr           0%         N/A       100%        8
 Necromutation            Tmut/Necr      0%         N/A       100%        8
 Death's Door             Necr           0%         N/A       100%        9


Dungeon Overview and Level Annotations

Branches:
Dungeon (12/15)            Temple (1/1) D:6            Lair (6/6) D:11
  Swamp (4/4) Lair:2        Snake (1/4) Lair:3        Slime (0/5) Lair:5
    Orc (2/2) D:9         Ossuary (visited)          Bailey (visited)
Gauntlet (visited)
    Elf: Orc:2

Altars:
Hepliaklqana
Kikubaaqudgha
Makhleb
Okawaru
Ru
Sif Muna
Vehumet
Wu Jian
Xom
Yredelemnul

Shops:
D:11 [   Orc:1 :

Annotations:
D:5 3 runed translucent doors, mg7810's ghost, weakling DDDe


Message History

You smite the salamander mystic!
You kill the salamander mystic!
Beogh accepts your kill.
A salamander comes into view.
It is wielding a +0 spear and carrying a wand of paralysis (10).
A salamander comes into view. It is wielding a +0 trident.
Aiming: Corrosive Bolt
Press: ? - help, Shift-Dir - straight line, f - salamander
Aim: a salamander, wielding a +0 spear and carrying a wand of paralysis (10) (84% to hit)
The bolt of acid misses the salamander.
The salamander zaps a wand.
You resist with almost no effort.
Aiming: Corrosive Bolt
Press: ? - help, Shift-Dir - straight line, f/p - salamander
Aim: a salamander, wielding a +0 spear and carrying a wand of paralysis (9) (84% to hit)
The bolt of acid hits the salamander!!
The acid corrodes the salamander!
The salamander is moderately wounded.
Your orc knight roars a battlecry!
Wardok goes into a battle-frenzy!
Aiming: Smiting
Press: ? - help, Dir - move target, f/p - salamander Smite: a salamander, wielding a +0 spear and carrying a wand of paralysis (9) (moderately wounded, covered in acid, ally target)
You smite the salamander!
The salamander is almost dead.
Wardok hits the salamander from afar with the +4 spear of Famine {drain, *Slow rElec rF+ rN+}!!!
The salamander dies!
Beogh accepts your kill.
Aiming: Paralyse
Press: ? - help, Shift-Dir - straight line, f - salamander
Aim: a salamander, wielding a +0 trident and wearing a +0 ring mail (ally target, chance to affect: 43%)
The salamander resists with some effort.
Your orc knight hits the salamander with a +0 morningstar!!
Your orc knight hits the salamander with a +0 morningstar!!
You swap places.
The salamander misses you.
Your orc knight barely misses the salamander.
The salamander barely misses you.
Your orc knight hits the salamander with a +0 morningstar!
You swap places.
The salamander hits you with a +0 trident.
* * * LOW HITPOINT WARNING * * *
You are engulfed in flames!!
The fire burns you terribly!
You die...

........### #......$ ..........###
#......# >....#......# ##......
...###......## ##......## .. ..##
#.......######........### .. .##
##.........##............##..
..###............................
...##............................
...#.....#......@)....#..........
.........###..ooN.รท.).##.........
..........###.........######.....
..........# #.........# #<....
..........# ##.......## ###..^..
..........# #......)# ##.......#
..........# #.......##........##
..........# ##.....)#........##
###......## #......#.......##


You could see a salamander (ally target), a friendly orc knight and the friendly
Wardok the orc knight (strong).

Vanquished Creatures
  Nikola (Swamp:3)
  The ghost of Jysajome the Bludgeoner, an adept OgCj of Ashenzari (Lair:4)
  A thorn hunter (Swamp:4)
  Donald (Snake:1)
  Kirke (Swamp:2)
  5 bunyips
  A minotaur (Gauntlet)
  3 eleionomae
  A shambling mangrove (Swamp:4)
  24 hydras
  A boulder beetle (D:9)
  2 catoblepae
  A ghost crab (Swamp:4)
  2 alligators
  A death scarab (Gauntlet)
  2 naga sharpshooters (Snake:1)
  A soul eater (Gauntlet)
  Sonja (Lair:5)
  A shock serpent (Snake:1)
  A salamander mystic (Snake:1)
  2 goliath frogs (Swamp:4)
  2 spriggan druids
  6 swamp dragons
  7 bog bodies
  A necromancer (Gauntlet)
  A cyclops (D:12)
  An orb spider (shapeshifter) (Gauntlet)
  A mana viper (Snake:1)
  A manticore (D:9)
  A spectral boulder beetle (Gauntlet)
  An orc sorcerer (D:9)
  A moth of wrath (Gauntlet)
  A wolf spider (Gauntlet)
  7 elephants
  An eye of devastation (shapeshifter) (Gauntlet)
  A naga mage (Snake:1)
  4 centaur zombies
  4 will-o-the-wisps
  7 black mambas
  A moth of wrath (shapeshifter) (Gauntlet)
  5 cane toads
  A gargoyle (D:12)
  2 komodo dragons (Lair:6)
  An unseen horror (D:10)
  2 rime drakes (Lair:5)
  3 kobold demonologists
  5 trolls
  A polar bear (Lair:4)
  7 tyrant leeches
  5 hornets
  Grinder (D:4)
  14 blink frogs
  6 slime creatures
  6 dream sheep
  3 wraiths
  4 redbacks (Gauntlet)
  3 wyverns
  4 spriggans
  19 yaks
  A basilisk (Lair:5)
  A hog (shapeshifter) (Gauntlet)
  2 steam dragons
  A vampire mosquito (Swamp:1)
  A warg (D:9)
  19 swamp worms
  3 nagas (Snake:1)
  Duvessa (D:4)
  13 water moccasins
  10 orc warriors
  2 sky beasts
  9 swamp drakes (Swamp:4)
  2 ogres
  2 necrophages
  3 black bears
  3 boggarts (Lair:4)
  13 wolves
  A centaur (D:6)
  A phantom (D:5)
  3 kobold brigands
  10 bullfrogs
  2 gnoll sergeants (D:7)
  4 wyvern zombies
  Dowan (D:4)
  4 scorpions
  3 killer bees
  A howler monkey (D:11)
  An electric eel (Lair:1)
  A bullfrog zombie (D:7)
  4 jellies
  5 orc priests
  2 centaur skeletons (D:6)
  2 hounds (D:5)
  An iguana (D:5)
  Ijyb (D:4)
  A gnoll shaman (D:8)
  8 orc wizards
  A mummy (Ossuary)
  A howler monkey zombie (D:5)
  19 gnolls
  11 adders
  5 shadow imps
  2 white imps
  An ufetubus (D:5)
  An adder skeleton (D:4)
  A worm (D:3)
  27 orcs
  5 ball pythons
  6 bats
  7 endoplasms
  5 giant cockroaches
  6 goblins
  4 hobgoblins (D:1)
  3 jackals (D:1)
  12 kobolds
  4 quokkas
  4 frilled lizards
  6 gnoll skeletons (Ossuary)
  5 kobold skeletons (Ossuary)
  14 orc skeletons (Ossuary)
  A rat (D:1)
488 creatures vanquished.

Vanquished Creatures (collateral kills)
  Mlioglotl (Swamp:2)
  Rupert (Snake:1)
  Gastronok (D:9)
  A thorn hunter (Swamp:4)
  A minotaur (Lair:4)
  An eleionoma (Swamp:3)
  Harold (D:10)
  6 hydras
  2 two-headed ogres
  An alligator (Lair:6)
  A spriggan berserker (Swamp:4)
  A skeletal warrior (D:11)
  A lindwurm (Lair:5)
  4 orc knights (Bailey)
  A mana viper (Snake:1)
  A salamander (Snake:1)
  A manticore (D:11)
  10 elephants
  A black mamba (Snake:1)
  A centaur zombie (D:11)
  2 gargoyles (D:12)
  4 rime drakes
  9 cane toads
  4 komodo dragons
  A kobold demonologist (D:11)
  An efreet (D:11)
  3 polar bears
  2 trolls
  3 tyrant leeches
  5 blink frogs
  4 slime creatures
  7 dream sheep
  A shadow (D:11)
  A wyvern (D:9)
  15 yaks
  A wraith (D:11)
  2 basilisks
  2 vampire mosquitoes
  A swamp worm (Swamp:4)
  A naga (Snake:1)
  2 water moccasins (Lair:3)
  3 orc warriors (Bailey)
  5 wolves
  A boggart (Lair:4)
  A centaur (D:9)
  2 kobold brigands
  2 bullfrogs
  A gnoll sergeant (D:11)
  An electric eel (Lair:1)
  A howler monkey (D:11)
  2 orc wizards (D:8)
  A gnoll (D:8)
  10 orcs
  4 kobolds
  2 bushes
145 creatures vanquished.

Vanquished Creatures (others)
  An orc sorcerer (Swamp:3)
  An orc knight (Swamp:3)
  A bloated husk (Swamp:2)
  A human (Swamp:2)
  A killer bee (D:7)
  2 orc priests
  4 orc wizards
  18 orcs
  A hobgoblin (D:4)
  25 foxfires
  19 fungi
  22 plants
96 creatures vanquished.

Grand Total: 729 creatures vanquished

Notes
Turn   | Place    | Note
-------+----------+-------------------------------------------
     0 | D:1      | avis the Hill Orc Fighter began the quest for the Orb.
     0 | D:1      | Reached XP level 1. HP: 19/19 MP: 1/1
    52 | D:1      | Reached XP level 2. HP: 8/26 MP: 2/2
   391 | D:1      | Reached XP level 3. HP: 24/31 MP: 3/3
   526 | D:1      | Reached skill level 5 in Axes
  1430 | D:2      | Reached XP level 4. HP: 39/39 MP: 4/4
  1877 | D:3      | Became a worshipper of Beogh the Brigand
  2637 | D:4      | Noticed a scorpion
  2653 | D:3      | Killed a scorpion
  2654 | D:3      | Reached XP level 5. HP: 19/45 MP: 5/5
  2802 | D:4      | Noticed Grinder
  3062 | D:4      | Killed Grinder
  3063 | D:4      | Reached skill level 2 in Invocations
  3063 | D:4      | Reached XP level 6. HP: 52/52 MP: 5/7
  3067 | D:4      | Noticed Ijyb
  3068 | D:4      | Reached * piety under Beogh
  3291 | D:4      | Killed Ijyb
  3292 | D:4      | Reached XP level 7. HP: 53/59 MP: 7/9
  3334 | D:4      | Identified the +0 hunting sling "Oqiycla" {venom, rPois
                  | Str+4 Dex+2}
  3535 | D:4      | Noticed Duvessa
  3539 | D:4      | Noticed Dowan
  3549 | D:4      | Killed Duvessa
  3550 | D:4      | Reached skill level 3 in Invocations
  3558 | D:4      | Killed Dowan
  4063 | D:5      | Entered Level 5 of the Dungeon
  4065 | D:5      | Identified the +1 ring mail of Baivod {+Blink rN+ rCorr
                  | Int-5}
  4120 | D:4      | Reached skill level 4 in Invocations
  4501 | D:5      | Reached skill level 10 in Axes
  4501 | D:5      | Reached XP level 8. HP: 54/66 MP: 11/11
  4641 | D:5      | Reached skill level 5 in Invocations
  4980 | D:5      | Reached ** piety under Beogh
  5086 | D:5      | Reached skill level 5 in Fighting
  5108 | D:5      | Found a runed translucent gate.
  5108 | D:5      | Found a runed translucent gate.
  5108 | D:5      | Noticed mg7810's ghost (weakling DDDe)
  5109 | D:5      | Found a runed translucent gate.
  5614 | D:6      | Reached skill level 6 in Invocations
  5785 | D:6      | Found a radiant altar of Vehumet.
  5785 | D:6      | Found an iron altar of Okawaru.
  6009 | D:6      | Reached XP level 9. HP: 63/75 MP: 13/13
  6218 | D:6      | Found a staircase to the Ecumenical Temple.
  6227 | Temple   | Entered the Ecumenical Temple
  6521 | D:7      | Reached skill level 7 in Invocations
  6701 | D:7      | Identified the +4 falchion "Trog's Scorn" {venom, rF++
                  | Str+3 Int-5}
  7325 | D:7      | Reached skill level 8 in Invocations
  7597 | D:8      | Reached *** piety under Beogh
  7619 | D:8      | Reached XP level 10. HP: 83/86 MP: 16/16
  7701 | D:8      | Found a sand-covered staircase.
  7712 | Ossuary  | Entered an ossuary
  7970 | D:8      | Reached **** piety under Beogh
  9065 | D:9      | Noticed a boulder beetle
  9081 | D:9      | Killed a boulder beetle
  9082 | D:9      | Reached skill level 9 in Invocations
  9385 | D:9      | Noticed a two-headed ogre
  9390 | D:9      | Killed a two-headed ogre
  9717 | D:9      | Noticed Gastronok
  9730 | D:9      | Killed Gastronok
  9731 | D:9      | Reached skill level 15 in Axes
  9731 | D:9      | Reached skill level 10 in Invocations
  9731 | D:9      | Reached XP level 11. HP: 66/97 MP: 18/18
 10049 | D:9      | Found a staircase to the Orcish Mines.
 10155 | D:9      | Noticed a manticore
 10166 | D:9      | Killed a manticore
 10464 | Temple   | Upgraded the game from 0.28-a0-425-gd0eccab798 to
                  | 0.28-a0-429-g1448048969
 10608 | D:10     | Entered Level 10 of the Dungeon
 10628 | D:10     | Gained Koronagh as an ally
 10652 | D:10     | Found a flagged portal.
 10664 | D:10     | Identified the +4 spear of Famine {drain, *Slow rElec rF+
                  | rN+}
 10683 | Bailey   | Entered a bailey
 10981 | Bailey   | Noticed an orc knight
 10987 | Bailey   | Killed an orc knight
 11373 | Bailey   | Noticed an orc knight
 11377 | Bailey   | Noticed an orc knight
 11378 | Bailey   | Noticed an orc knight
 11382 | Bailey   | Killed an orc knight
 11383 | Bailey   | Reached skill level 10 in Fighting
 11386 | Bailey   | Killed an orc knight
 11387 | Bailey   | Reached skill level 11 in Invocations
 11388 | Bailey   | Killed an orc knight
 12100 | D:10     | Noticed Harold
 12112 | D:10     | Killed Harold
 12265 | Temple   | Acquired the +7 ice dragon scales of the Centipede {rElec
                  | rF- rC++ Int+2 Dex-2 Slay+3}
 12663 | D:10     | Reached skill level 5 in Armour
 12674 | D:10     | Found an ancient bone altar of Kikubaaqudgha.
 12689 | D:10     | Found an ornate altar of the Wu Jian Council.
 12975 | D:11     | Found a staircase to the Lair.
 12987 | D:11     | Reached skill level 1 in Dodging
 13019 | D:11     | Reached skill level 12 in Invocations
 13029 | D:11     | Noticed a sun demon
 13030 | D:11     | Reached XP level 12. HP: 84/110 MP: 21/21
 13443 | D:11     | Noticed a two-headed ogre
 13448 | D:11     | Killed a two-headed ogre
 13449 | D:11     | Reached skill level 5 in Dodging
 13889 | D:11     | Found Keheuw's Armour Shop.
 14067 | Lair:1   | Entered Level 1 of the Lair of Beasts
 14207 | Lair:1   | Noticed a seven-headed hydra
 14214 | Lair:1   | Killed a five-headed hydra
 14392 | Lair:1   | Noticed a five-headed hydra
 14399 | Lair:1   | Killed a three-headed hydra
 15564 | D:12     | Found a gate leading to a gauntlet.
 15595 | Gauntlet | Entered a Gauntlet
 15595 | Gauntlet | Found a transporter.
 15597 | Gauntlet | Noticed a soul eater
 15599 | Gauntlet | Found a runed translucent gate.
 15601 | Gauntlet | Found a transporter.
 15602 | Gauntlet | Found a runed translucent gate.
 15603 | Gauntlet | Found a runed translucent gate.
 15605 | Gauntlet | Found a transporter.
 15610 | Gauntlet | Found a transporter.
 15621 | Gauntlet | Found a transporter.
 15622 | Gauntlet | Found a transporter.
 15623 | Gauntlet | Noticed a death scarab
 15626 | Gauntlet | Found a transporter.
 15636 | Gauntlet | Found a transporter.
 15637 | Gauntlet | Found a transporter.
 15642 | Gauntlet | Found a transporter.
 15649 | Gauntlet | Found a transporter.
 15653 | Gauntlet | Found a transporter.
 15655 | Gauntlet | Noticed a golden dragon
 15658 | Gauntlet | Found a transporter.
 15659 | Gauntlet | Noticed a caustic shrike
 15659 | Gauntlet | a golden dragon changed into a caustic shrike
 15662 | Gauntlet | Noticed a shadow dragon
 15662 | Gauntlet | a caustic shrike changed into a shadow dragon
 15670 | Gauntlet | Found a transporter.
 15689 | Gauntlet | Noticed a frost giant
 15689 | Gauntlet | Noticed a stone giant
 15689 | Gauntlet | a frost giant changed into a stone giant
 15696 | Gauntlet | Noticed a fire giant
 15696 | Gauntlet | a stone giant changed into a fire giant
 15771 | Gauntlet | Killed a soul eater
 15949 | Gauntlet | Reached skill level 10 in Armour
 15950 | Gauntlet | Killed a death scarab
 16064 | Gauntlet | Reached XP level 13. HP: 69/117 MP: 12/22
 16072 | Gauntlet | Reached skill level 1 in Evocations
 16410 | Gauntlet | Identified the +2 robe "Reac" {rElec rC+ Int-5}
 16644 | Gauntlet | Noticed a minotaur
 16651 | Gauntlet | Killed a minotaur
 16657 | Gauntlet | Identified the +5 spear "Qobrad" {protect, rPois Will-
                  | Int+3 Dex+3}
 16982 | D:12     | Reached skill level 5 in Evocations
 17509 | D:12     | Gained Wardok as an ally
 17711 | Lair:2   | Found a staircase to the Swamp.
 18078 | Lair:2   | Identified the +7 falchion of Karma {drain, rF++ Int+4}
 18915 | Lair:3   | Found a staircase to the Snake Pit.
 19113 | Lair:3   | Reached ***** piety under Beogh
 19757 | Lair:4   | Noticed Nergalle
 20181 | Lair:4   | Found a runed translucent gate.
 20181 | Lair:4   | Found a runed translucent gate.
 20181 | Lair:4   | Found a runed translucent gate.
 20184 | Lair:4   | Noticed Jysajome's ghost (adept OgCj)
 20185 | Lair:4   | Noticed a minotaur
 20660 | Lair:4   | Reached XP level 14. HP: 114/129 MP: 23/23
 21166 | Lair:4   | Killed Jysajome's ghost
 22064 | Lair:5   | Found a staircase to the Slime Pits.
 22119 | Lair:5   | Gained Marbork as an ally
 22229 | Lair:5   | Reached skill level 15 in Fighting
 22334 | Lair:5   | Noticed Sonja
 22335 | Lair:5   | Killed Sonja
 22550 | Lair:5   | Reached skill level 13 in Invocations
 22771 | Lair:5   | You fall into a shaft and drop 1 floor!
 22771 | Lair:6   | Entered Level 6 of the Lair of Beasts
 22846 | Lair:6   | Reached skill level 14 in Invocations
 22961 | Lair:6   | Gained Grimold as an ally
 22967 | Lair:6   | Reached ****** piety under Beogh
 22974 | Lair:6   | Reached skill level 15 in Invocations
 23580 | Lair:1   | Reached skill level 16 in Invocations
 23580 | Lair:1   | Reached XP level 15. HP: 141/141 MP: 25/27
 23584 | Lair:1   | Learned a level 2 spell: Blink
 23655 | Orc:1    | Entered Level 1 of the Orcish Mines
 23655 | Orc:1    | Found a burning altar of Makhleb.
 23655 | Orc:1    | Found Idae's Self-Improvement Boutique.
 24707 | Orc:2    | Entered Level 2 of the Orcish Mines
 24902 | Orc:1    | Bought a manual of Invocations for 1440 gold pieces
 25164 | Swamp:1  | Entered Level 1 of the Swamp
 25177 | Swamp:1  | Reached XP level 16. HP: 100/150 MP: 28/28
 25434 | Swamp:1  | Identified the +0 robe of the Bouncing Friends {-Tele rN+
                  | Int+9}
 25843 | Swamp:1  | Reached skill level 17 in Invocations
 26314 | Swamp:2  | Noticed Kirke
 26320 | Swamp:2  | Killed Kirke
 26614 | Swamp:2  | Noticed Mlioglotl
 26630 | Swamp:2  | Killed Mlioglotl
 26942 | Swamp:2  | Identified the +0 cloak of Jenosh {Dex+5}
 27367 | Swamp:3  | Reached skill level 18 in Invocations
 27667 | Swamp:3  | Noticed Nikola
 27679 | Swamp:3  | Killed Nikola
 28784 | Swamp:4  | Entered Level 4 of the Swamp
 28955 | Swamp:4  | Reached skill level 19 in Invocations
 29413 | Swamp:4  | Gained Learuk as an ally
 29793 | Swamp:4  | Gained Margrim as an ally
 30369 | Swamp:4  | Noticed a thorn hunter
 30382 | Swamp:4  | Killed a thorn hunter
 30383 | Swamp:4  | Reached XP level 17. HP: 125/166 MP: 30/30
 30739 | Swamp:4  | Reached skill level 20 in Invocations
 31273 | Swamp:4  | Got a decaying rune of Zot
 31466 | D:11     | Acquired a +2 executioner's axe of flaming
 31468 | D:11     | Acquired a manual of Transmutations
 31470 | D:11     | Acquired 959 gold pieces
 31475 | D:11     | Learned a level 2 spell: Wereblood
 31572 | Snake:1  | Entered Level 1 of the Snake Pit
 31627 | Snake:1  | Noticed Donald
 31637 | Snake:1  | Killed Donald
 31853 | Snake:1  | Noticed Rupert
 31861 | Snake:1  | Killed Rupert
 31886 | Snake:1  | HP: 2/168 [naga (9)]
 31918 | Snake:1  | Slain by a salamander

Illustrated notes

Levels and vault maps discovered:
D:1:      lightli_arrival_quake, layout_rooms,
          hangedman_abyss_or_decor_lesser_grid
D:2:      layout_rooms
D:3:      layout_loops_ring, minivault_25, hangedman_decor_opposing,
          grunt_decor_resistance, kennysheep_generic_room_11
D:4:      layout_cave_pools, portal_sewer_entry_f, uniq_ijyb, uniq_grinder,
          uniq_duvessa
D:5:      layout_gridville, gammafunk_ghost_nasty_kobolds, st_stairs_1
D:6:      layout_loops_ring, gammafunk_temple_overflow_elements,
          minmay_temple_entry_poolview
D:7:      layout_cave_pools
D:8:      layout_loops_ring, nicolae_ossuary_entry_ruins
D:9:      layout_roguey, orc_0_dummy, uniq_gastronok
D:10:     layout_rooms, mainiacjoe_overflow_swirl, enter_bailey_2, uniq_harold
D:11:     layout_rooms, david_lair_generic, serial_shops, shop,
          minmay_fractal_squares_5
D:12:     layout_gridville, gauntlet_entry_generic, nicolae_twisting_strands,
          minmay_misc_feat_tower
Temple:   hc_temple_tempest_star
Lair:1:   layout_loops_ring, beast_lair_carwin_7, infiniplex_staircase_pool
Lair:2:   layout_cave_pods, swamp_mist
Lair:3:   layout_long_grid, minmay_snake_entry_six_corridors
Lair:4:   layout_roguey, maelrawn_ghost_gauntlet_escape,
          kilobyte_rumbling_trees, uniq_nergalle
Lair:5:   layout_gridlike, minmay_slime_entry_pillars, beast_lair_carwin_8,
          uniq_sonja
Lair:6:   grunt_lair_end_beastmaster, layout_big_grid,
          infiniplex_staircase_pool_2, uniq_josephine
Swamp:1:  layout_basic_swamp, nicolae_swamp_little_swirl, swamp_pool1
Swamp:2:  layout_falls_marsh, serial_swamp_ruin, evilmike_swamp_ruin_house_3,
          evilmike_swamp_ruin_wall, uniq_kirke, uniq_mlioglotl
Swamp:3:  layout_falls_marsh, evilmike_swamp_ruin_house_6, swamp_pool3,
          hangedman_swamp_wriggling, uniq_nikola
Swamp:4:  swamp_basic_johnstein, layout_basic_swamp
Snake:1:  layout_onion, uniq_asterion, uniq_rupert, uniq_aizul, uniq_donald
Orc:1:    layout_caves, basic_altar, nicolae_shop_self_help
Orc:2:    st_orc_mages, layout_caves, basic_altar

Skill      XL: |  1  2  3  4  5  6  7  8  9 10 11 12 13 14 15 16 17 |
---------------+----------------------------------------------------+-----
Axes           | 3 4 5 6 8 10 11 13 15 16 18 | 18.5
Shields        | 4 |  4.0
Fighting       | 4 5 7 9 11 13 15 18 19 | 19.0
Invocations    | 2 4 6 8 10 12 16 19 20 | 20.7
Armour         | 5 10 | 10.0
Dodging        | 2 5 |  5.0
Evocations     | 5 |  5.0

Action                   |  1- 3 |  4- 6 |  7- 9 | 10-12 | 13-15 | 16-18 || total
-------------------------+-------+-------+-------+-------+-------+-------++-------
Melee: War axe           |    86 |    91 |   180 |   309 |   190 |       ||   856
       Scimitar          |       |       |       |     4 |       |       ||     4
       Hand axe          |       |       |       |       |    40 |    87 ||   127
       Broad axe         |       |       |       |       |   119 |   254 ||   373
 Fire: Hunting sling     |       |       |   152 |    43 |       |       ||   195
Throw: Dart              |       |    15 |       |     1 |       |       ||    16
       Throwing net      |       |       |       |       |     1 |       ||     1
Invok: Convert to Beogh  |       |     1 |       |       |       |       ||     1
       Recall Orcish Fol |       |       |       |     8 |    14 |    13 ||    35
       Smiting           |       |       |       |    11 |     4 |    14 ||    29
       Stop Recall       |       |       |       |     4 |     7 |     7 ||    18
       Give Item to Name |       |       |       |       |     5 |     2 ||     7
       Resurrection      |       |       |       |       |     1 |       ||     1
Evoke: Wand              |       |    10 |       |       |     3 |     7 ||    20
  Use: Scroll            |       |       |     5 |    22 |    16 |     5 ||    48
       Potion            |       |       |       |     1 |     4 |     8 ||    13
 Stab: Distracted        |       |       |       |     6 |     2 |     4 ||    12
       Paralysed         |       |       |       |       |       |     1 ||     1
Armor: Scale mail        |    25 |    40 |     3 |       |       |       ||    68
       Chain mail        |       |       |    94 |       |       |       ||    94
       Plate armour      |       |       |     4 |    63 |       |       ||    67
       Ice dragon scales |       |       |       |    95 |   161 |   188 ||   444
       Crystal plate arm |       |       |       |    12 |       |       ||    12
Dodge: Dodged            |    36 |    49 |   112 |   153 |   194 |   214 ||   758
Block: Buckler           |    18 |    20 |    55 |    47 |    37 |    58 ||   235

Table legend: (Time is in decaauts)
 A = Elapsed time spent in this place.
 B = Non-inter-level travel time spent in this place.
 C = Inter-level travel time spent in this place.
 D = Time resting spent in this place.
 E = Time spent auto-exploring this place.
 F = Levels seen in this place.
 G = Mean time per level.
                   A        B        C        D        E       F      G
               +--------+--------+--------+--------+--------+-----+--------+
         Total |  32353 |  26768 |   5585 |   7816 |  10593 |  29 | 1115.6 |
       Dungeon |  15244 |  12051 |   3193 |   3207 |   5527 |  12 | 1270.3 |
        Temple |    159 |    148 |     11 |      0 |      0 |   1 |  159.0 |
          Lair |   7777 |   6284 |   1493 |    760 |   3367 |   6 | 1296.2 |
         Swamp |   5935 |   5227 |    708 |   2214 |   1602 |   4 | 1483.8 |
     Snake Pit |    338 |    338 |      0 |    163 |     15 |   1 |  338.0 |
  Orcish Mines |    600 |    422 |    178 |      0 |     81 |   2 |  300.0 |
       Ossuary |    183 |    183 |      0 |      0 |      0 |   1 |  183.0 |
        Bailey |   1100 |   1100 |      0 |    823 |      0 |   1 | 1100.0 |
      Gauntlet |   1015 |   1015 |      0 |    649 |      0 |   1 | 1015.0 |
               +--------+--------+--------+--------+--------+-----+--------+

Top non-repeatable levels by time:
  Lair:1: 2250 daAuts
     D:6: 1930 daAuts
 Swamp:3: 1830 daAuts
     D:9: 1783 daAuts
  Lair:4: 1549 daAuts
 Swamp:1: 1534 daAuts
  Lair:2: 1523 daAuts
 Swamp:4: 1516 daAuts
    D:11: 1507 daAuts
     D:3: 1461 daAuts
     D:8: 1347 daAuts
     D:1: 1168 daAuts
     D:7: 1153 daAuts
     D:5: 1151 daAuts
  Bailey: 1100 daAuts
